Map: Orbital Shipyard

Players

Temus

  • Race: Zerg Zerg
  • League: Gold

lesha - Winner!

  • Race: Terran Terran
  • League: Silver

VOD

Have the link to the VOD?

Description

Time

  • Played on: Jan. 1, 2016, 9:13 p.m.
  • Length: 10:10
Show
View Real Time Build Order
Export as new Build Order

Temus Zerg 

Build Orders: Hatch First 

Get SALT Encoding   

  12  0:02  Drone  
  13  0:17  Drone  
  13  0:19  Overlord  
  13  0:20  Extractor  
  13  0:25  Drone  
  15  0:38  Drone  
  15  0:40  Drone  
  17  0:51  Drone  
  18  0:58  Hatchery  
  18  1:01  Drone  
  18  1:07  Extractor  
  17  1:17  Drone  
  18  1:21  Spawning Pool  
  18  1:24  Drone  
  18  1:32  Drone  
  19  1:44  Drone  
  20  1:56  Drone  
  21  2:05  Overlord  
  21  2:09  Queen  
  21  2:12  Metabolic Boost  
  21  2:13  Drone  
  24  2:17  Drone  
  24  2:19  Queen  
  27  2:25  Extractor  
  27  2:28  Drone  
  27  2:30  Drone  
  27  2:54  Drone x3  
  31  3:05  Drone  
  31  3:09  Drone  
  31  3:10  Drone x2  
  34  3:23  Zergling x2  
  34  3:26  Zergling x2  
  36  3:34  Overlord x2  
  36  3:35  Overlord  
  36  3:54  Hatchery  
  34  4:05  Drone x3  
  34  4:06  Baneling Nest  
  34  4:07  Drone  
  34  4:08  Drone x3  
  40  4:10  Drone  
  40  4:11  Drone x2  
  43  4:19  Drone  
  43  4:20  Drone x2  
  46  4:39  Drone x4  
  46  4:42  Drone  
  46  4:43  Drone x4  
  55  4:51  Extractor  
  54  4:53  Extractor  
  54  4:56  Drone  
  54  4:58  Overlord  
  54  5:02  Lair  
  54  5:07  Queen  
  54  5:08  Drone  
  54  5:12  Drone x3  
  60  5:21  Zergling x2  
  60  5:22  Zergling x4  
  60  5:23  Zergling x2  
  64  5:35  Drone x4  
  68  5:37  Drone  
  68  5:41  Drone  
  68  5:42  Drone x2  
  72  5:53  Queen  
  72  5:55  Overlord x2  
  74  6:10  Baneling  
  74  6:11  Baneling x6  
  73  6:16  Drone x5  
  78  6:18  Extractor  
  78  6:20  Extractor  
  76  6:35  Spire  
  75  6:41  Hatchery  
  71  7:21  Overlord x6  
  71  7:26  Zergling x4  
  71  7:27  Zergling x12  
  71  7:28  Zergling x10  
  74  7:47  Baneling x3  
  74  7:48  Baneling x6  
  74  7:49  Baneling x3  
  72  7:52  Drone x3  
  72  7:56  Mutalisk x6  
  87  7:59  Drone  
  84  8:17  Hatchery  
  83  8:23  Queen  
  85  8:27  Mutalisk x6  
  85  8:28  Mutalisk  
  85  8:30  Mutalisk x3  
  85  8:31  Queen  
  107  8:45  Hatchery, Extractor  
  105  8:50  Hatchery  
  105  8:53  Drone x2  
  106  9:07  Drone  
  101  9:44  Baneling x4  
  101  9:45  Baneling x4  
  59  9:56  Drone x3  
Show
View Real Time Build Order
Export as new Build Order

lesha Terran - Winner!

Build Orders: Reaper Expand 

Get SALT Encoding   

  12  0:01  SCV  
  13  0:13  SCV  
  14  0:18  Supply Depot  
  14  0:25  SCV  
  15  0:39  SCV  
  15  0:40  Barracks  
  16  0:48  Refinery  
  16  0:51  SCV  
  17  1:03  SCV  
  18  1:16  SCV  
  19  1:28  Orbital Command  
  19  1:32  Reaper  
  20  1:40  Command Center  
  20  1:54  Supply Depot  
  20  1:56  SCV  
  21  2:04  Barracks Reactor  
  21  2:08  SCV  
  22  2:13  Refinery, Barracks  
  22  2:24  SCV  
  23  2:36  SCV  
  24  2:52  SCV  
  24  2:53  SCV  
  26  3:04  SCV  
  26  3:05  SCV  
  28  3:17  SCV, Orbital Command  
  28  3:18  Marine x2  
  31  3:20  Barracks Reactor  
  31  3:27  Factory  
  31  3:29  Barracks  
  31  3:30  Supply Depot  
  31  3:36  Engineering Bay  
  30  4:03  Marine  
  30  4:04  Marine x3  
  34  4:10  SCV x2  
  34  4:15  Factory Tech Lab  
  36  4:18  Starport  
  36  4:22  SCV  
  36  4:23  SCV  
  38  4:24  Barracks Tech Lab  
  38  4:27  Barracks  
  38  4:31  Terran Infantry Weapons Level 1  
  38  4:35  SCV x2  
  40  4:39  Marine x2  
  40  4:40  Marine x2  
  40  4:42  Siege Tank  
  47  4:48  Marauder  
  49  4:53  SCV x2, Refinery  
  49  4:55  Refinery  
  49  4:58  Starport Reactor  
  51  5:04  Marine  
  51  5:05  Marine x2  
  54  5:10  Marine  
  54  5:12  Supply Depot  
  54  5:13  Supply Depot  
  55  5:15  Stimpack  
  55  5:16  Supply Depot  
  55  5:20  Marine  
  57  5:22  Barracks Reactor, Marine  
  57  5:26  SCV x2  
  59  5:29  Marine x2  
  61  5:42  Missile Turret x2  
  61  5:50  Marine x4  
  61  5:52  Medivac x2  
  61  5:54  Marauder  
  61  5:56  Widow Mine  
  71  5:59  Marine x2  
  75  6:08  Supply Depot  
  75  6:11  Supply Depot  
  75  6:13  Engineering Bay  
  75  6:17  Marine x3  
  75  6:18  Marine  
  79  6:25  Widow Mine  
  79  6:31  Supply Depot  
  81  6:33  Supply Depot  
  81  6:37  Marine x2  
  81  6:38  Marine x3  
  81  6:39  Medivac  
  88  6:45  Medivac  
  90  6:56  Supply Depot  
  90  7:09  Marine x4  
  90  7:10  Marine x3  
  97  7:37  Marine x5  
  97  7:38  Marine x2  
  88  8:11  Marine x4  
  88  8:12  Marine x2  
  94  8:17  Command Center, Marine  
  95  8:25  Barracks x2  
  95  8:29  Marine x3  
  95  8:30  SCV  
  95  8:31  SCV  
  95  8:32  Armory  
  100  8:39  Marine x3  
  103  8:50  Marine x3  
  103  8:51  Marine  
  103  8:52  Medivac x2  
  111  8:57  Marine  
  112  9:08  SCV x2  
  114  9:17  Marine  
  114  9:18  Marine x3  
  114  9:21  Supply Depot, Barracks Tech Lab  
  114  9:22  Supply Depot x2  
  114  9:23  Barracks Tech Lab  
  118  9:29  SCV x2, Marine x2  
  114  9:45  Supply Depot  
  106  9:50  SCV x2  
Tags
 
Add a new tag
Caveats
  • Supply blocks, unpowered buildings, or Contaminate may cause inaccurate times.
  • Supply counts are checked every 10 seconds.